TOP OF THE 1ST |
Intercourse Amish batting - Pitching for Rio Grande Rattlesnake : RHP Manny Silva
|
Pitching: RHP Manny Silva
|
|
Batting: LHB Jesús Raugel
|
0-0: Called Strike 0-1: Called Strike 0-2: Ball 1-2: Fly out, F4 (Popup, 4)
|
Batting: RHB Gabriel Stout
|
0-0: Called Strike 0-1: Called Strike 0-2: Ball 1-2: Fly out, F7 (Flyball, 7LM)
|
Batting: SHB Conan Hanson
|
0-0: Foul Ball, location: 2F 0-1: Ball 1-1: Ground out 3-1 (Groundball, 34)
|
Top of the 1st over - 0 run(s), 0 hit(s), 0 error(s), 0 left on base; Intercourse 0 - Rio Grande 0 |
TOP OF THE 2ND |
Intercourse Amish batting - Pitching for Rio Grande Rattlesnake : RHP Manny Silva
|
Batting: RHB José Velázquez
|
0-0: Ball 1-0: Foul Ball, location: 2F 1-1: Foul Ball, location: 2F 1-2: Strikes out swinging
|
Batting: LHB Bruce Foster
|
0-0: Called Strike 0-1: Ground out U3 (Groundball, 3)
|
Batting: RHB Juan Estrada
|
0-0: Called Strike 0-1: Ground out 5-3 (Groundball, 56)
|
Top of the 2nd over - 0 run(s), 0 hit(s), 0 error(s), 0 left on base; Intercourse 0 - Rio Grande 2 |
BOTTOM OF THE 2ND |
Rio Grande Rattlesnake batting - Pitching for Intercourse Amish : LHP José Travez
|
Batting: RHB Doug Delaney
|
0-0: Ball 1-0: Ball 2-0: Ball 3-0: Base on Balls
|
Batting: RHB David Suarze
|
0-0: Called Strike 0-1: Ball 1-1: Swinging Strike 1-2: Ball 2-2: Ball 3-2: Foul Ball, location: 2F 3-2: DOUBLE (Line Drive, 78S) Doug Delaney to third
|
Batting: RHB Paul Martin
|
0-0: Ball 1-0: Ball 2-0: Ball 3-0: Called Strike 3-1: Called Strike 3-2: Foul Ball, location: 2F 3-2: Foul Ball, location: 2F 3-2: Foul Ball, location: 2F 3-2: Foul Ball, location: 2F 3-2: Base on Balls
|
Batting: RHB Juan López
|
0-0: Foul Ball, location: 2F 0-1: Swinging Strike 0-2: Ball 1-2: Strikes out swinging
|
Batting: RHB Hollis Wood
|
0-0: Ball 1-0: Swinging Strike 1-1: Swinging Strike 1-2: SINGLE (Line Drive, 9LS) Doug Delaney scores David Suarze to third Paul Martin to second Runner from 3rd tries for Home, SAFE, no throw
|
Batting: RHB Miguel Hernández
|
0-0: Ball 1-0: Foul Ball, location: 2F 1-1: Foul Ball, location: 2F 1-2: Foul Ball, location: 2F 1-2: Strikes out looking
|
Batting: RHB Joe Courtier
|
0-0: Ball 1-0: Ball 2-0: Fly out, F4 (Line Drive, 4)
|
Bottom of the 2nd over - 2 run(s), 2 hit(s), 0 error(s), 2 left on base; Intercourse 0 - Rio Grande 4 |
TOP OF THE 3RD |
Intercourse Amish batting - Pitching for Rio Grande Rattlesnake : RHP Manny Silva
|
Batting: LHB Caleb Hall
|
0-0: Foul Ball, location: 2F 0-1: Swinging Strike 0-2: Foul Ball, location: 2F 0-2: Ball 1-2: Ball 2-2: Strikes out looking
|
Batting: RHB Leon Heath
|
0-0: Swinging Strike 0-1: Ball 1-1: Foul Ball, location: 2F 1-2: Ball 2-2: Foul Ball, location: 2F 2-2: SINGLE (Line Drive, 89S)
|
Batting: RHB Taylor Justice
|
0-0: Called Strike 0-1: Called Strike 0-2: SINGLE (Groundball, 6D) Leon Heath to second
|
Batting: LHB Jesús Raugel
|
0-0: Foul Ball, location: 2F 0-1: Ball 1-1: Swinging Strike 1-2: Ball 2-2: Ball 3-2: SINGLE (Flyball, 78S) Leon Heath to third Taylor Justice to second Runner from 3rd tries for Home, SAFE, no throw
|
Batting: RHB Gabriel Stout
|
0-0: Called Strike 0-1: Swinging Strike 0-2: Ball 1-2: Strikes out swinging
|
Batting: SHB Conan Hanson
|
0-0: Called Strike 0-1: Ball 1-1: Foul Ball, location: 2F 1-2: SINGLE (Groundball, 4MD) Taylor Justice to third Jesús Raugel to second Runner from 3rd tries for Home, SAFE, throw made home Jesús Raugel to third Conan Hanson to second
|
Batting: RHB José Velázquez
|
0-0: Called Strike 0-1: Ball 1-1: Swinging Strike 1-2: Strikes out looking
|
Top of the 3rd over - 2 run(s), 4 hit(s), 0 error(s), 2 left on base; Intercourse 2 - Rio Grande 4 |
BOTTOM OF THE 3RD |
Rio Grande Rattlesnake batting - Pitching for Intercourse Amish : LHP José Travez
|
Batting: RHB Jeff Bane
|
0-0: Ground out U3 (Groundball, 3)
|
Batting: RHB Gilberto Silva
|
0-0: Called Strike 0-1: Ground out 4-3 (Groundball, 4)
|
Batting: RHB Doug Delaney
|
0-0: Called Strike 0-1: SINGLE (Groundball, 6MD)
|
Batting: RHB David Suarze
|
0-0: Ball 1-0: Fly out, F4 (Line Drive, 4M)
|
Bottom of the 3rd over - 0 run(s), 1 hit(s), 0 error(s), 1 left on base; Intercourse 2 - Rio Grande 4 |
TOP OF THE 4TH |
Intercourse Amish batting - Pitching for Rio Grande Rattlesnake : RHP Manny Silva
|
Batting: LHB Bruce Foster
|
0-0: Ball 1-0: Ball 2-0: Ball 3-0: Called Strike 3-1: Called Strike 3-2: Base on Balls
|
Batting: RHB Juan Estrada
|
0-0: Ball 1-0: Foul Ball, location: 2F 1-1: Ball 2-1: Ball 3-1: Base on Balls Bruce Foster to second
|
Batting: LHB Caleb Hall
|
0-0: Foul Ball, location: 2F 0-1: Fly out, F4 (Popup, 4D)
|
Batting: RHB Leon Heath
|
0-0: Called Strike 0-1: Ball 1-1: Swinging Strike 1-2: Foul Ball, location: 2F 1-2: Grounds into double play, 5-4-3 (Groundball, 5)
|
Top of the 4th over - 0 run(s), 0 hit(s), 0 error(s), 1 left on base; Intercourse 2 - Rio Grande 4 |
BOTTOM OF THE 4TH |
Rio Grande Rattlesnake batting - Pitching for Intercourse Amish : LHP José Travez
|
Batting: RHB Paul Martin
|
0-0: Called Strike 0-1: Fly out, F8 (Flyball, 8RS)
|
Batting: RHB Juan López
|
0-0: Swinging Strike 0-1: Ball 1-1: Fly out, F8 (Line Drive, 8RM)
|
Batting: RHB Hollis Wood
|
0-0: Ball 1-0: Ball 2-0: Called Strike 2-1: Fly out, F4 (Popup, 4S)
|
Bottom of the 4th over - 0 run(s), 0 hit(s), 0 error(s), 0 left on base; Intercourse 2 - Rio Grande 4 |
TOP OF THE 5TH |
Intercourse Amish batting - Pitching for Rio Grande Rattlesnake : RHP Manny Silva
|
Batting: RHB Taylor Justice
|
0-0: Called Strike 0-1: Swinging Strike 0-2: Ball 1-2: Strikes out swinging
|
Batting: LHB Jesús Raugel
|
0-0: Ball 1-0: Swinging Strike 1-1: SINGLE (Line Drive, 9LM)
|
Batting: RHB Gabriel Stout
|
0-0: Ball 1-0: Called Strike 1-1: Foul Ball, location: 2F 1-2: Strikes out looking
|
Batting: SHB Conan Hanson
|
0-0: Ball 1-0: Called Strike Jesús Raugel steals 2nd base 1-1: Ball 2-1: Foul Ball, location: 2F 2-2: Strikes out swinging
|
Top of the 5th over - 0 run(s), 1 hit(s), 0 error(s), 1 left on base; Intercourse 2 - Rio Grande 4 |
BOTTOM OF THE 5TH |
Rio Grande Rattlesnake batting - Pitching for Intercourse Amish : LHP José Travez
|
Batting: RHB Miguel Hernández
|
0-0: Foul Ball, location: 2F 0-1: Ball 1-1: Foul Ball, location: 2F 1-2: SOLO HOME RUN (Line Drive, 7D), Distance : 355 ft
|
Pitching: RHP Paul Turberville
|
|
Batting: RHB Joe Courtier
|
0-0: Ball 1-0: Foul Ball, location: 2F 1-1: Ground out 6-3 (Groundball, 6)
|
Batting: RHB Jeff Bane
|
0-0: Called Strike 0-1: Fly out, F7 (Flyball, 7)
|
Batting: RHB Gilberto Silva
|
0-0: Foul Ball, location: 2F 0-1: Swinging Strike 0-2: Strikes out looking
|
Bottom of the 5th over - 1 run(s), 1 hit(s), 0 error(s), 0 left on base; Intercourse 2 - Rio Grande 5 |
TOP OF THE 6TH |
Intercourse Amish batting - Pitching for Rio Grande Rattlesnake : RHP Manny Silva
|
Batting: RHB José Velázquez
|
0-0: Foul Ball, location: 2F 0-1: Fly out, F8 (Flyball, 8LM)
|
Batting: LHB Bruce Foster
|
0-0: Called Strike 0-1: Ball 1-1: Ball 2-1: Ground out 6-3 (Groundball, 6MD)
|
Batting: RHB Juan Estrada
|
0-0: Ball 1-0: SINGLE (Flyball, 9LS)
|
Batting: LHB Caleb Hall
|
0-0: Ball 1-0: Called Strike 1-1: Swinging Strike 1-2: Ball 2-2: Foul Ball, location: 2F 2-2: Ball 3-2: Ground out 4-3 (Groundball, 34)
|
Top of the 6th over - 0 run(s), 1 hit(s), 0 error(s), 1 left on base; Intercourse 2 - Rio Grande 5 |
BOTTOM OF THE 6TH |
Rio Grande Rattlesnake batting - Pitching for Intercourse Amish : RHP Paul Turberville
|
Batting: RHB Doug Delaney
|
0-0: Called Strike 0-1: Ball 1-1: Ball 2-1: Ball 3-1: Base on Balls
|
Batting: RHB David Suarze
|
0-0: Ball 1-0: Foul Ball, location: 2F 1-1: Foul Ball, location: 2F 1-2: Ball 2-2: Ball 3-2: Foul Ball, location: 2F Error on foul ball, E9 3-2: Base on Balls Doug Delaney to second
|
Batting: RHB Paul Martin
|
0-0: Ball 1-0: Ball 2-0: Ball 3-0: Base on Balls Doug Delaney to third David Suarze to second
|
Batting: RHB Juan López
|
0-0: Ball 1-0: TRIPLE (Flyball, 89D) Doug Delaney scores David Suarze scores Paul Martin scores
|
Pitching: LHP Manuel Encarnación
|
|
Batting: RHB Hollis Wood
|
0-0: Ball 1-0: Ball 2-0: DOUBLE (Line Drive, 8LXD) Juan López scores
|
Batting: RHB Miguel Hernández
|
0-0: Called Strike 0-1: Ball 1-1: Foul Ball, location: 2F 1-2: SINGLE (Groundball, 4MD) Hollis Wood to third Runner from 3rd tries for Home, SAFE, throw made home Miguel Hernández to second
|
Batting: RHB Joe Courtier
|
0-0: Ball 1-0: Called Strike 1-1: Foul Ball, location: 2F 1-2: Strikes out swinging
|
Batting: RHB Jeff Bane
|
0-0: Called Strike 0-1: SINGLE (Flyball, 8RS) Miguel Hernández to third Runner from 3rd tries for Home, SAFE, throw made home Jeff Bane to second
|
Batting: RHB Gilberto Silva
|
0-0: Ball Jeff Bane steals 3rd base 1-0: Ball 2-0: Called Strike 2-1: Called Strike 2-2: Reached via error on a dropped throw, E3 Jeff Bane scores
|
Pitching: RHP Don Shelton
|
|
Batting: RHB Doug Delaney
|
0-0: Called Strike 0-1: Ball 1-1: Foul Ball, location: 2F 1-2: Strikes out swinging Gilberto Silva steals 2nd base Batter strikes out.
|
Batting: RHB David Suarze
|
0-0: Called Strike 0-1: Swinging Strike 0-2: Fly out, F9 (Line Drive, 9)
|
Bottom of the 6th over - 7 run(s), 4 hit(s), 2 error(s), 1 left on base; Intercourse 2 - Rio Grande 12 |
TOP OF THE 7TH |
Intercourse Amish batting - Pitching for Rio Grande Rattlesnake : RHP Manny Silva
|
Pitching: RHP Albert Gonzáles
|
|
Batting: RHB Leon Heath
|
0-0: Ball 1-0: Ball 2-0: Foul Ball, location: 2F 2-1: Called Strike 2-2: Ground out 5-3 (Groundball, 25)
|
Batting: RHB Taylor Justice
|
0-0: Swinging Strike 0-1: Ball 1-1: Swinging Strike 1-2: Strikes out looking
|
Batting: LHB Jesús Raugel
|
0-0: Called Strike 0-1: Ball 1-1: Fly out, F7 (Flyball, 7S)
|
Top of the 7th over - 0 run(s), 0 hit(s), 0 error(s), 0 left on base; Intercourse 2 - Rio Grande 12 |
BOTTOM OF THE 7TH |
Rio Grande Rattlesnake batting - Pitching for Intercourse Amish : RHP Don Shelton
|
Batting: RHB Paul Martin
|
0-0: Ball 1-0: Ball 2-0: Foul Ball, location: 2F 2-1: Ball 3-1: Swinging Strike 3-2: Fly out, F7 (Flyball, 78M)
|
Batting: RHB Juan López
|
0-0: Ball 1-0: Foul Ball, location: 2F 1-1: Ball 2-1: Ball 3-1: Base on Balls
|
Batting: RHB Hollis Wood
|
0-0: Called Strike 0-1: Grounds into double play, 6-4-3 (Groundball, 6)
|
Bottom of the 7th over - 0 run(s), 0 hit(s), 0 error(s), 0 left on base; Intercourse 2 - Rio Grande 12 |
TOP OF THE 8TH |
Intercourse Amish batting - Pitching for Rio Grande Rattlesnake : RHP Albert Gonzáles
|
Now at C: Cristián Román
|
|
Now at SS: Jeremy Holmes
|
|
Batting: RHB Gabriel Stout
|
0-0: Called Strike 0-1: Ball 1-1: Fly out, F6 (Popup, 6)
|
Batting: SHB Conan Hanson
|
0-0: Swinging Strike 0-1: Called Strike 0-2: Strikes out swinging
|
Batting: RHB José Velázquez
|
0-0: Foul Ball, location: 2F 0-1: Ball 1-1: Ball 2-1: Foul Ball, location: 2F 2-2: Ball 3-2: Foul Ball, location: 2F 3-2: Fly out, F8 (Flyball, 8LXD)
|
Top of the 8th over - 0 run(s), 0 hit(s), 0 error(s), 0 left on base; Intercourse 2 - Rio Grande 12 |
BOTTOM OF THE 8TH |
Rio Grande Rattlesnake batting - Pitching for Intercourse Amish : RHP Don Shelton
|
Batting: RHB Miguel Hernández
|
0-0: Called Strike 0-1: Called Strike 0-2: Foul Ball, location: 2F 0-2: Strikes out swinging
|
Pinch Hitting: SHB William Daly
|
0-0: Ball 1-0: Foul Ball, location: 2F 1-1: Ball 2-1: Called Strike 2-2: Ball 3-2: Strikes out swinging
|
Batting: RHB Jeff Bane
|
0-0: Called Strike 0-1: Ball 1-1: Foul Ball, location: 2F 1-2: Ball 2-2: Strikes out looking
|
Bottom of the 8th over - 0 run(s), 0 hit(s), 0 error(s), 0 left on base; Intercourse 2 - Rio Grande 12 |
TOP OF THE 9TH |
Intercourse Amish batting - Pitching for Rio Grande Rattlesnake : RHP Albert Gonzáles
|
Now in LF: Alberto Roberts
|
|
Now in RF: William Daly
|
|
Batting: LHB Bruce Foster
|
0-0: Called Strike 0-1: Swinging Strike 0-2: Ball 1-2: Strikes out swinging
|
Batting: RHB Juan Estrada
|
0-0: Ball 1-0: Ball 2-0: Called Strike 2-1: Swinging Strike 2-2: Ball 3-2: Strikes out swinging
|
Batting: LHB Caleb Hall
|
0-0: Foul Ball, location: 2F 0-1: Called Strike 0-2: Ball 1-2: Strikes out looking
|
Top of the 9th over - 0 run(s), 0 hit(s), 0 error(s), 0 left on base; Intercourse 2 - Rio Grande 12 |
|